 Dungeon Crawl Stone Soup version 0.29.0-11-gd7f09526c8 (webtiles) character file.

Game seed: 5336607972717853993

224 RKaid the Shooter (level 5, -4/31 (32) HPs)
             Began as a Deep Elf Hunter on Sept 3, 2022.
             Killed from afar by an orc wizard (6 damage)
             ... with a magic dart
             ... on level 3 of the Dungeon.
             The game lasted 00:03:54 (2539 turns).

RKaid the Shooter (Deep Elf Hunter)                 Turns: 2539, Time: 00:03:55

HP:   -4/31 (32)    AC:  3    Str:  8    XL:     5   Next: 67%
MP:   7/7           EV: 13    Int: 14    God:
Gold: 111           SH:  0    Dex: 20    Spells: 4/4 levels left

rFire   . . .      SeeInvis .   (no weapon)
rCold   . . .      Faith    .   (no shield)
rNeg    . . .      Spirit   .   c - +0 leather armour
rPois   .          Reflect  .   (no helmet)
rElec   .          Harm     .   (no cloak)
rCorr   .          Rampage  .   (no gloves)
Will    .....                   (no boots)
Stlth   ++........              (no amulet)
HPRegen 0.10/turn               (no ring)
MPRegen 0.10/turn               (no ring)

@: brilliant, lightly drained
A: no striking features
a: no special abilities


You were on level 3 of the Dungeon.
You visited 1 branch of the dungeon, and saw 3 of its levels.

You collected 111 gold pieces.

Inventory:

Hand Weapons
 a - a +0 shortbow
Missiles
 k - 3 datura-tipped darts
Armour
 c - a +0 leather armour (worn)
Jewellery
 f - a ring of fire {rF+, rC-}
   (You found it on level 1 of the Dungeon)
Scrolls
 b - a scroll of immolation {!r}
 d - 5 scrolls of identify {unknown}
 g - a scroll of enchant armour {unknown}
 h - 5 scrolls of teleportation {unknown}
Potions
 e - a potion of magic {unknown}
 i - a potion of might {unknown}
 j - 2 potions of lignification {unknown}
 l - 2 potions of curing {unknown}
 m - 2 potions of brilliance
 n - a potion of degeneration {unknown}


   Skills:
 + Level 3.5 Fighting
 * Level 6.7 Ranged Weapons
 + Level 4.1 Dodging
 - Level 1.2 Stealth


You had 4 spell levels left.
You didn't know any spells.
Your spell library contained the following spells:

 Spells                   Type           Power      Damage    Failure   Level
 Ensorcelled Hibernation  Hex/Ice        0%         N/A       54%         2
 Passwall                 Tmut/Erth      0%         N/A       54%         2
 Sublimation of Blood     Necr           0%         N/A       54%         2
 Swiftness                Air            0%         N/A       77%         3
 Tukima's Dance           Hex            0%         N/A       77%         3
 Passage of Golubria      Tloc           0%         N/A       99%         4
 Petrify                  Tmut/Erth      0%         N/A       99%         4
 Irradiate                Conj/Tmut      0%         3d11      100%        5
 Yara's Violent Unravell  Hex/Tmut       0%         3d3       100%        5


Dungeon Overview and Level Annotations

Branches:
Dungeon (3/15)

Altars:


Message History

You shoot an arrow. The arrow hits the orc.
You hear a shout!
You shoot an arrow. The arrow closely misses the orc.
You shoot an arrow. The arrow barely misses the orc.
The orc hits you with a +0 club.
You shoot an arrow.
The arrow hits the orc but does no damage.
The orc barely misses you.
An orc comes into view. It is wielding a +1 dagger of speed.
You shoot an arrow. The arrow hits the orc.
The orc hits you with a +0 club.
You shoot an arrow. The arrow barely misses the orc.
You hear a shout!
The orc hits you but does no damage. The orc hits you with a +0 club.
The orc closely misses you. The orc hits you with a +0 club.
You shoot an arrow. The arrow hits the orc!
You kill the orc!
The orc hits you with a +1 dagger of speed.
The orc barely misses you.
A quokka comes into view.
You shoot an arrow. The arrow barely misses the orc.
The orc hits you with a +1 dagger of speed.
The orc misses you.
You shoot an arrow. The arrow barely misses the orc.
The orc hits you with a +1 dagger of speed.
An orc comes into view. It is wielding a +0 short sword.
The quokka twitches its whiskers.
The orc misses you.
You shoot an arrow.
The arrow hits the orc but does no damage.
You shoot an arrow. The arrow hits the orc.
The orc closely misses you.
You shoot an arrow. The arrow hits the orc!
You kill the orc!
The quokka bites you but does no damage.
You shoot an arrow. The arrow hits the quokka.
The quokka bites you but does no damage.
You shoot an arrow. The arrow misses the quokka.
The quokka bites you. The quokka barely misses you.
An orc comes into view. It is wielding a +0 falchion.
You shoot an arrow. The arrow barely misses the quokka.
The quokka closely misses you.
You shoot an arrow. The arrow hits the quokka!
You kill the quokka!
You shoot an arrow. The arrow barely misses the orc.
The orc hits you with a +0 falchion.
You shoot an arrow. The arrow hits the orc!
You kill the orc!
You shoot an arrow. The arrow hits the orc!
You kill the orc!
No target in view!
No target in view!
No target in view!
No target in view!
You start resting.
An orc wizard comes into view. It is wielding a +0 dagger.
Items here: $ ))) ? [[ †††.
You shoot an arrow. The orc wizard shouts!
The arrow hits the orc wizard!
The orc wizard gestures at you while chanting.
The magic dart hits you!
You are too injured to fight recklessly!
You are too injured to fight recklessly!
You are too injured to fight recklessly!
You are too injured to fight recklessly!
You are too injured to fight recklessly!
You are too injured to fight recklessly!
Fire: a) +0 shortbow
Press: ? - help, Q - select action Shift-Dir - straight line, f/p - orc wizard
Aim: an orc wizard, wielding a +0 dagger and wearing a +0 robe (almost dead, 60% to hit)
You shoot an arrow. The arrow misses the orc wizard.
The orc wizard gestures at you while chanting.
You are confused.
Non-targeted confused fire: a) +0 shortbow
Press: ? - help, Q - select action Dir - look around, f - activate You shoot an arrow.
The orc wizard casts a spell at you.
You are more confused.
You are now empty-handed.
The orc wizard casts a spell.
The orc wizard flickers and vanishes!
Deactivating autopickup; reactivate with Ctrl-A.
You bump into the rock wall.
Something hits you.
You closely miss something. Something hits you but does no damage.
You miss something. Something hits you but does no damage.
You barely miss something. Something hits you.
* * * LOW HITPOINT WARNING * * *
You bump into the rock wall.
Something barely misses you.
You hit something but do no damage. Something hits you.
* * * LOW HITPOINT WARNING * * *
You're too confused to move!
You hear some strange, mumbled words.
A magic dart appears from out of thin air!
The magic dart hits you.
* * * LOW HITPOINT WARNING * * *
It was a potion of brilliance.
You feel clever all of a sudden.
You feel less confused.
You hear some strange, mumbled words.
A magic dart appears from out of thin air!
The magic dart hits you.
You die...

.## #. ..########
..##. #.........
..... #.........
.>. #......... ..?
#......... #.#
#........< #.#
#......... #@####
#......... #.{†.#
#.........
####)####.........
#.........######
..............##
#.##.#........#
...#....<...#
!...........^.#
##..##........#


There were no monsters in sight!

Vanquished Creatures
  A necrophage (D:3)
  A hound (D:2)
  Jessica (D:2)
  3 adders
  2 worms (D:2)
  A dart slug (D:1)
  4 orcs (D:3)
  7 endoplasms
  2 giant cockroaches
  6 goblins
  5 hobgoblins
  8 jackals
  A kobold (D:2)
  5 quokkas
  4 ball pythons
  3 bats
  7 frilled lizards
  4 rats
65 creatures vanquished.

Notes
Turn   | Place    | Note
-------+----------+-------------------------------------------
     0 | D:1      | RKaid the Deep Elf Hunter began the quest for the Orb.
     0 | D:1      | Reached XP level 1. HP: 12/12 MP: 3/3
   274 | D:1      | Reached skill level 2 in Fighting
   274 | D:1      | Reached XP level 2. HP: 17/17 MP: 4/4
   662 | D:1      | Reached skill level 3 in Dodging
   662 | D:1      | Reached XP level 3. HP: 22/22 MP: 5/5
  1533 | D:2      | HP: 3/22 [worm (10)]
  1906 | D:2      | Reached skill level 3 in Fighting
  1906 | D:2      | Reached skill level 6 in Ranged Weapons
  1906 | D:2      | Reached XP level 4. HP: 18/28 MP: 6/6
  2169 | D:2      | Noticed Jessica
  2174 | D:2      | Killed Jessica
  2175 | D:2      | Reached XP level 5. HP: 32/32 MP: 7/7
  2198 | D:2      | Found a faded altar of an unknown god.
  2337 | D:3      | Reached skill level 4 in Dodging
  2534 | D:3      | HP: 7/31 [something (4)]
  2538 | D:3      | HP: 2/31 [something/magic dart (4)]
  2539 | D:3      | Killed from afar by an orc wizard

Illustrated notes

Levels and vault maps discovered:
D:1:      beargit_arrival_greenhouse, layout_loops_ring
D:2:      kennysheep_big_flooded_room, layout_rooms,
          hellmonk_ecumenical_altar_prayer_group, uniq_jessica
D:3:      layout_rooms

Skill      XL: |  1  2  3  4  5 |
---------------+----------------+-----
Fighting       | 2 3 |  3.5
Dodging        | 3 4 |  4.1
Ranged Weapons | 6 |  6.7
Stealth        | |  1.2

Action                   |  1- 3 |  4- 6 || total
-------------------------+-------+-------++-------
Melee: Unarmed           |       |     4 ||     4
 Fire: Shortbow          |   124 |    68 ||   192
  Use: Potion            |       |     1 ||     1
Armor: Leather armour    |    21 |     7 ||    28
Dodge: Dodged            |    69 |    15 ||    84

Table legend: (Time is in decaauts)
 A = Elapsed time spent in this place.
 B = Non-inter-level travel time spent in this place.
 C = Inter-level travel time spent in this place.
 D = Time resting spent in this place.
 E = Time spent auto-exploring this place.
 F = Levels seen in this place.
 G = Mean time per level.
                   A        B        C        D        E       F      G
               +--------+--------+--------+--------+--------+-----+--------+
         Total |   2591 |   2546 |     45 |   1278 |    880 |   3 |  863.7 |
       Dungeon |   2591 |   2546 |     45 |   1278 |    880 |   3 |  863.7 |
               +--------+--------+--------+--------+--------+-----+--------+

Top non-repeatable levels by time:
     D:1: 1408 daAuts
     D:2: 940 daAuts
     D:3: 243 daAuts

Table legend:
 A = Kills in this place as a percentage of kills in entire the game.
 B = Kills by you in this place as a percentage of kills by you in the entire game.
 C = Kills by friends in this place as a percentage of kills by friends in the entire game.
 D = Other kills in this place as a percentage of other kills in the entire game.
 E = Experience gained in this place as a percentage of experience gained in the entire game.
 F = Experience gained in this place divided by the number of levels of this place that you have seen.
                   A       B       C       D       E      F
               +-------+-------+-------+-------+-------+----------------------
         Total | 100.0 | 100.0 |   N/A |   N/A | 100.0 | 106.7
       Dungeon | 100.0 | 100.0 |   N/A |   N/A | 100.0 | 106.7
               +-------+-------+-------+-------+-------+----------------------
